 Dungeon Crawl Stone Soup version 0.26.1-11-gd32895ea62 (webtiles) character file.

Game seed: 17887399482749735809

29 Tiocfaidh the Caller (level 3, -1/16 HPs)
             Began as a Vine Stalker Summoner on June 13, 2021.
             Slain by a leopard gecko (3 damage)
             ... on level 1 of the Dungeon.
             The game lasted 00:02:58 (727 turns).

Tiocfaidh the Caller (Vine Stalker Summoner)         Turns: 727, Time: 00:02:58

Health: -1/16      AC:  2    Str: 10    XL:     3   Next: 16%
Magic:  0/7        EV: 12    Int: 16    God:
Gold:   16         SH:  0    Dex: 14    Spells: 5/6 levels left

rFire    . . .     SeeInvis .   d - +2 whip (venom)
rCold    . . .     Faith    .   (no shield)
rNeg     . . .     Spirit   +   a - +0 robe
rPois    .         Reflect  .   (no helmet)
rElec    .         Harm     .   (no cloak)
rCorr    .         Rampage  .   (no gloves)
Will     .....                  (no boots)
Stlth    ++........             (no amulet)
HPRegen  0.05/turn              (no ring)
MPRegen  0.10/turn              (no ring)

@: no status effects
A: fangs 2, magic shield, antimagic bite, no potion heal 3
a: no special abilities


You were on level 1 of the Dungeon.
You visited 1 branch of the dungeon, and saw 1 of its levels.

You collected 16 gold pieces.

Inventory:

Hand Weapons
 c - a +0 mace
 d - a +2 whip of venom (weapon)
Armour
 a - a +0 robe (worn)
Scrolls
 b - a scroll of identify {unknown}
 e - a scroll of magic mapping {unknown}
 f - a scroll of teleportation {unknown}
 g - a scroll of remove curse {unknown}
Potions
 h - a potion of haste {unknown}


   Skills:
 + Level 0.1 Fighting
 + Level 0.5 Maces & Flails
 + Level 1.9 Dodging
 + Level 2.9 Stealth
 + Level 2.3 Spellcasting
 + Level 4.4 Summonings


You had 5 spell levels left.
You knew the following spells:

 Your Spells              Type           Power        Failure   Level
a - Summon Small Mammal   Summ           64%          3%          1

Your spell library contained the following spells:

 Spells                   Type           Power        Failure   Level
 Call Imp                 Summ           16%          4%          2
 Call Canine Familiar     Summ           16%          10%         3
 Summon Guardian Golem    Hex/Summ       8%           24%         3
 Summon Ice Beast         Ice/Summ       8%           63%         4
 Summon Lightning Spire   Summ/Air       8%           63%         4


Dungeon Overview and Level Annotations

Branches:
Dungeon (1/15)

Altars:


Innate Abilities, Weirdness & Mutations

You have extremely sharp teeth.
When hurt, damage is shared between your health and your magic reserves.
Your bite disrupts and absorbs the magic of your enemies.
Potions cannot restore your health.


Message History

The goblin closely misses you. The hobgoblin hits you with a +0 club.
You hit the goblin.
You kill the goblin!
The hobgoblin hits you with a +0 club.
* * * LOW HITPOINT WARNING * * *
You hit the hobgoblin but do no damage.
The hobgoblin looks even sicker.
You bite the hobgoblin. You drain its power.
You feel invigorated.
The hobgoblin is almost dead.
You kill the hobgoblin!
The frilled lizard completely misses you.
You closely miss the frilled lizard. The leopard gecko bites you.
* * * LOW HITPOINT WARNING * * *
The frilled lizard barely misses you.
You miss the frilled lizard.
The leopard gecko bites you but does no damage.
The frilled lizard bites you but does no damage.
The leopard gecko closely misses you.
You closely miss the frilled lizard. Your bite misses the frilled lizard.
The frilled lizard barely misses you. The leopard gecko bites you.
You die...

........####......#........
...h.....#...######........
............†# #........
.g...##.##...# #........
.....#)†.#..## #........
....gg.....## #........
.....#?..#..# #....>...
.....##.##l## #########
##.......l@.# #.......#..#
#......##### ########


You could see a leopard gecko and a frilled lizard.

Vanquished Creatures
  An ooze (D:1)
  2 dart slugs (D:1)
  A leopard gecko (D:1)
  2 goblins (D:1)
  2 hobgoblins (D:1)
  4 jackals (D:1)
  A bat (D:1)
  3 kobolds (D:1)
16 creatures vanquished.

Vanquished Creatures (collateral kills)
  A ball python (D:1)
  A goblin (D:1)
  A hobgoblin (D:1)
3 creatures vanquished.

Grand Total: 19 creatures vanquished

Notes
Turn   | Place    | Note
-------+----------+-------------------------------------------
     0 | D:1      | Tiocfaidh the Vine Stalker Summoner began the quest for the
                  | Orb.
     0 | D:1      | Reached XP level 1. HP: 9/9 MP: 4/4
   460 | D:1      | Reached XP level 2. HP: 13/13 MP: 1/6
   716 | D:1      | Reached XP level 3. HP: 10/16 MP: 5/7
   727 | D:1      | Slain by a leopard gecko

Illustrated notes

Levels and vault maps discovered:
D:1:      evilmike_arrival_crescent, layout_rooms, minmay_tromino_v4_b

Action                   || total
-------------------------++-------
Melee: Whip              ||    40
       Bite              ||    10
       Mace              ||     2
 Cast: Summon Small Mamm ||     7
 Stab: Sleeping          ||     1
Armor: Robe              ||     9
Dodge: Dodged            ||    36
